 Dungeon Crawl Stone Soup version 0.27-a0-1196-g3e9cee4cb2 (webtiles) character file.

Game seed: 8964337315473072576

81 freelancePsychic the Skirmisher (level 4, 0/49 HPs)
             Began as an Ogre Warper on May 28, 2021.
             Was a Believer of Elyvilon.
             Killed by nerve-wracking pain
             ... invoked by an orc priest
              (12 damage)
             ... on level 3 of the Dungeon.
             The game lasted 00:04:43 (3509 turns).

freelancePsychic the Skirmisher (Ogre Warper)       Turns: 3509, Time: 00:04:43

Health: 0/49       AC:  3    Str: 15    XL:     4   Next: 42%
Magic:  5/7        EV:  9    Int: 15    God:    Elyvilon [**....]
Gold:   117        SH:  0    Dex:  8    Spells: 2/7 levels left

rFire    . . .     SeeInvis .   j - +0 whip
rCold    . . .     Faith    .   (no shield)
rNeg     . . .     Spirit   .   b - +0 robe
rPois    .         Reflect  .   (helmet restricted)
rElec    .         Harm     .   (no cloak)
rCorr    .         Rampage  .   (gloves unavailable)
Will     .....                  (boots unavailable)
Stlth    +.........             (no amulet)
HPRegen  0.16/turn              (no ring)
MPRegen  0.10/turn              (no ring)

@: no status effects
A: large, unfitting armour, tough skin 1
a: Renounce Religion, Lesser Healing, Heal Other, Divine Protection


You were on level 3 of the Dungeon.
You worshipped Elyvilon.
Elyvilon was pleased with you.
You visited 1 branch of the dungeon, and saw 3 of its levels.

You collected 117 gold pieces.

Inventory:

Hand Weapons
 a - a +0 mace
 j - a +0 whip (weapon)
Missiles
 e - 2 boomerangs of dispersal (quivered)
Armour
 b - a +0 robe (worn)
Jewellery
 g - an amulet of reflection
Scrolls
 c - a scroll of fear
 d - a scroll of blinking
Potions
 f - a potion of flight
 h - a potion of heal wounds {@q2}
 i - a potion of haste {unknown}
 k - a potion of invisibility {unknown}


   Skills:
 * Level 4.5 Fighting
 + Level 2.5 Maces & Flails
 - Level 1.0 Throwing
 - Level 2.1 Dodging
 - Level 2.4 Spellcasting
 - Level 3.1 Translocations
 + Level 0.7 Invocations


You had 2 spell levels left.
You knew the following spells:

 Your Spells              Type           Power      Damage    Failure   Level
a - Blink                 Tloc           N/A        N/A       9%          2
b - Teleport Other        Tloc           11%        N/A       17%         3

Your spell library contained the following spells:

 Spells                   Type           Power      Damage    Failure   Level
 Shock                    Conj/Air       4%         1d3       22%         1
 Static Discharge         Conj/Air       1%         N/A       32%         2
 Gell's Gravitas          Tloc           5%         N/A       17%         3
 Lesser Beckoning         Tloc           5%         N/A       17%         3
 Swiftness                Air            1%         N/A       54%         3
 Manifold Assault         Tloc           11%        N/A       85%         5
 Airstrike                Air            0%         N/A       91%         4
 Lightning Bolt           Conj/Air       0%         1d11      99%         5


Dungeon Overview and Level Annotations

Branches:
Dungeon (3/15)

Altars:
Elyvilon

Annotations:
D:2 Terence


Innate Abilities, Weirdness & Mutations

You are too large for most types of armour.
You have tough skin. (AC +1)


Message History

You kill the adder!
* * * LOW HITPOINT WARNING * * *
You feel sick.
You feel sick.
You feel sick.
You feel sick.
You feel sick.
You feel sick.
You feel sick.
You are no longer poisoned.
Okay, then.
You start resting.
HP restored.
The orc priest shouts!
You hit the orc priest.
The orc priest is lightly wounded.
The orc priest misses you.
You hit the orc priest.
The orc priest is heavily wounded.
The orc priest hits you with a +0 war axe!
You closely miss the orc priest.
The orc priest is heavily wounded.
The orc priest hits you with a +0 war axe.
You barely miss the orc priest.
The orc priest is heavily wounded.
The orc priest hits you with a +0 war axe!
You barely miss the orc priest.
The orc priest is heavily wounded.
The orc priest hits you with a +0 war axe!
You hit the orc priest.
The orc priest is almost dead.
The orc priest hits you with a +0 war axe!
* * * LOW HITPOINT WARNING * * *
You are healed.
The orc priest hits you with a +0 war axe!
* * * LOW HITPOINT WARNING * * *
You are healed.
The orc priest invokes the aid of Beogh against you.
Pain shoots through your body!
You die...

.......o###.######
####.##.###.#
#........#
############.#####
#..>......##.#
#.#######.##.#######
#.# #.##.......# #.#
#.##..####.# #.#
#@÷#.).....# #.#
#.o....##..# #.#
#......# #
#.#######.#.........
#..<......##.......#
####.....####.####.##
#........# #.# .#
#.##.†...# #.. #
#.###...## ...


You could see an orc priest.

Vanquished Creatures
  3 adders
  2 orcs (D:2)
  4 endoplasms
  2 giant cockroaches
  3 goblins
  5 hobgoblins
  3 jackals (D:1)
  2 quokkas (D:2)
  6 ball pythons
  8 bats
  3 frilled lizards
  6 kobolds
  5 rats
52 creatures vanquished.

Notes
Turn   | Place    | Note
-------+----------+-------------------------------------------
     0 | D:1      | freelancePsychic the Ogre Warper began the quest for the
                  | Orb.
     0 | D:1      | Reached XP level 1. HP: 22/22 MP: 3/3
   269 | D:1      | Reached skill level 3 in Fighting
   269 | D:1      | Reached XP level 2. HP: 29/31 MP: 5/5
  1290 | D:1      | Reached XP level 3. HP: 37/37 MP: 6/6
  1590 | D:2      | Learned a level 2 spell: Blink
  1594 | D:2      | Learned a level 3 spell: Teleport Other
  1618 | D:2      | Found a faded altar of an unknown god.
  1658 | D:2      | HP: 1/39 [adder (1)]
  1662 | D:2      | Reached skill level 4 in Fighting
  1864 | D:2      | Became a worshipper of Elyvilon the Healer
  1864 | D:2      | Reached * piety under Elyvilon
  2430 | D:2      | Reached XP level 4. HP: 48/48 MP: 7/7
  2634 | D:2      | Reached ** piety under Elyvilon
  2774 | D:2      | Noticed Terence
  3202 | D:3      | HP: 2/49 [poisoned by an adder]
  3509 | D:3      | Killed from afar by an orc priest

Illustrated notes

Levels and vault maps discovered:
D:1:      dpeg_arrival_arbitrary_a, layout_basic
D:2:      layout_loops_corners, basic_ecumenical_altar, uniq_terence,
          uniq_crazy_yiuf_cottage
D:3:      layout_loops_corners, lemuel_round_altar

Skill      XL: |  1  2  3 |
---------------+----------+-----
Fighting       | 3 4 |  4.5
Maces & Flails | 2 |  2.5
Translocations | 3 |  3.1
Throwing       | |  1.0
Dodging        | |  2.1
Spellcasting   | |  2.4
Invocations    | |  0.7

Action                   |  1- 3 |  4- 6 || total
-------------------------+-------+-------++-------
Melee: Mace              |    76 |       ||    76
       Whip              |    98 |    91 ||   189
Throw: Boomerang         |       |     3 ||     3
 Cast: Blink             |       |     1 ||     1
Invok: Lesser Healing    |       |     2 ||     2
  Use: Scroll            |     1 |     2 ||     3
       Potion            |     2 |       ||     2
Armor: Robe              |    93 |    53 ||   146
Dodge: Dodged            |   128 |    62 ||   190

Table legend: (Time is in decaauts)
 A = Elapsed time spent in this place.
 B = Non-inter-level travel time spent in this place.
 C = Inter-level travel time spent in this place.
 D = Time resting spent in this place.
 E = Time spent auto-exploring this place.
 F = Levels seen in this place.
 G = Mean time per level.
                   A        B        C        D        E       F      G
               +--------+--------+--------+--------+--------+-----+--------+
         Total |   3531 |   3358 |    173 |    805 |   1959 |   3 | 1177.0 |
       Dungeon |   3531 |   3358 |    173 |    805 |   1959 |   3 | 1177.0 |
               +--------+--------+--------+--------+--------+-----+--------+

Top non-repeatable levels by time:
     D:2: 1725 daAuts
     D:1: 1380 daAuts
     D:3: 425 daAuts
